[Event "FIDE WSTC Open 50 2025"]
[Site "Prague"]
[Date "2025.02.21"]
[Round "5.6"]
[White "Mrva, Martin"]
[Black "Obsivac, Josef"]
[Result "1-0"]
[Annotator "TA"]
[ECO "C02"]
[WhiteElo "2394"]
[BlackElo "2262"]
[PlyCount "79"]
[EventDate "2025.02.17"]
[EventType "team-tourn"]
[EventCountry "CZE"]
[SourceTitle "playchess.com"]
[Source "ChessBase"]
[SourceQuality "1"]
[TimeControl "40/5400+30:1800+30"]

1. e4 e6 2. d4 d5 3. e5 c5 4. c3 Nc6 5. Nf3 Qb6 6. a3 c4 7. Nbd2 Na5 8. Rb1 Bd7 9. h4 {[%emt 0:00:15] C02: French: Advance Variation.} O-O-O 10. b4 cxb3 11. Nxb3 {[%emt 0:00:08] The position is equal.} Ba4 12. Nfd2 Kb8 13. Qc2 Rc8 14. Qb2 Nxb3 (14... Bxb3 $5 15. Nxb3 Nxb3 16. Qxb3 Qxb3 (16... Rxc3 17. Qxc3 Qxb1 18. Bd3 $11) 17. Rxb3 Ne7 $14) 15. Nxb3 Qxb3 (15... Rc6 $11) 16. Qxb3 $14 Bxb3 17. Rxb3 Ne7 18. Rh3 $146 ({Predecessor:} 18. h5 Nc6 19. Rb1 Be7 20. Rh3 Bd8 21. Rf3 f5 22. exf6 Bxf6 23. h6 e5 24. Ba6 {1-0 Mendonca,L (2631)-Harika,D (2493) Chennai-B 2024 (2)}) 18... Nc6 19. Rf3 {[%emt 0:01:31] [#]} ({White should try} 19. Rb1 $14) 19... Nxd4 $1 $15 20. cxd4 Rxc1+ {[%emt 0:00:07] Black attacks} 21. Kd2 Rc7 22. Rbc3 Rxc3 ({Black should try} 22... Rd7 $15) 23. Kxc3 $11 Bxa3 $15 {[%emt 0:00:33][%mdl 4096] Endgame KRB-KRB. Black is two pawns up.} 24. Kb3 $1 Be7 25. Rxf7 Bxh4 26. Bb5 h5 (26... Rc8 $11 {remains equal.}) 27. Bd7 $16 {[%emt 0:04:32][%mdl 1024] White has strong compensation. White is more active.} Rh6 {[%emt 0:02:41] [#]} 28. Kb4 $1 Rg6 29. Kc5 Bd8 $2 {[%emt 0:14:01] This costs Black the game.} (29... a5 $16) 30. Kd6 $18 Bc7+ 31. Ke7 {[%emt 0:00:09] Hoping for Rf8+.} a6 32. Bxe6 Bb6 33. Bxd5 Bxd4 34. e6 ({Not} 34. f4 Rb6 35. Rxg7 Ka7 $18) 34... Bc5+ 35. Kd8 Bb6+ 36. Ke8 Bc7 (36... Bc5 {was necessary.} 37. Rxb7+ (37. Bxb7 Rxe6+ 38. Kd7 Rd6+ 39. Ke8 Re6+ 40. Kd7 Rd6+ 41. Ke8 Re6+ $17) (37. e7 Rg5 $16) 37... Kc8) 37. Kd7 {[%emt 0:00:18] Threatening mate with Rf8+.} Rg5 38. Rf8+ Ka7 39. Kxc7 Rxd5 40. e7 {[%emt 0:00:05] Weighted Error Value: White=0.05 (flawless) /Black=0.57  Loses game:     	---       	Black=1      Mistake:       	White=1     	Black=4      Inaccurate:     	---       	Black=2      OK:         	White=12    	Black=11     Best:        	White=5     	Black=4      Strong:       	White=2     	---        Brilliant:      	---       	Black=1} 1-0

[Event "FIDE WSTC Open 50 2025"]
[Site "Prague"]
[Date "2025.02.21"]
[Round "5.7"]
[White "Holemar, David"]
[Black "Stohl, Igor"]
[Result "1/2-1/2"]
[Annotator "TA"]
[ECO "A46"]
[WhiteElo "2150"]
[BlackElo "2409"]
[PlyCount "45"]
[EventDate "2025.02.17"]
[EventType "team-tourn"]
[EventCountry "CZE"]
[SourceTitle "playchess.com"]
[Source "ChessBase"]
[SourceQuality "1"]
[TimeControl "40/5400+30:1800+30"]

1. d4 Nf6 2. Nf3 d5 3. c4 e6 4. e3 a6 5. Nc3 c5 6. a3 dxc4 7. Bxc4 b5 8. Bb3 {[%emt 0:01:18] D40: Queen's Gambit Declined: Semi-Tarrasch with 5 e3.} Bb7 9. O-O Nbd7 10. Qe2 Be7 11. Rd1 {[%emt 0:00:15] Not much happened in this game.   Weighted Error Value: White=0.10 (very precise) /Black=0.08 (flawless)   OK:         	White=1     	Black=1} {Predecessor:} O-O $146 12. dxc5 Qc7 13. e4 Bxc5 14. Be3 Rfd8 15. Bc2 Bxe3 16. Qxe3 Rac8 17. Rd4 Ng4 18. Qe2 Nde5 19. Nxe5 Nxe5 20. Rxd8+ Rxd8 21. Bb3 h6 22. Rd1 Rxd1+ 23. Bxd1 {½-½ Indjic,A (2636)-Halkias,S (2514) EU-ch 23rd Vrnjacka Banja 2023 (5)} 1/2-1/2

[Event "FIDE WSTC Open 50 2025"]
[Site "Prague"]
[Date "2025.02.21"]
[Round "5.8"]
[White "Motuz, Karol"]
[Black "Skacelik, Petr"]
[Result "1-0"]
[Annotator "RC"]
[ECO "A39"]
[WhiteElo "2293"]
[BlackElo "2132"]
[PlyCount "55"]
[EventDate "2025.02.17"]
[EventType "team-tourn"]
[EventCountry "CZE"]
[SourceTitle "playchess.com"]
[Source "ChessBase"]
[SourceQuality "1"]
[TimeControl "40/5400+30:1800+30"]

1. c4 c5 2. Nf3 Nc6 3. g3 g6 4. Bg2 Bg7 5. O-O Nf6 6. Nc3 O-O 7. d4 d6 8. dxc5 dxc5 9. Be3 Be6 10. Qa4 Nd4 11. Rac1 Nd7 12. b3 Bg4 13. Rfd1 e5 14. h3 Be6 15. Ng5 Qc8 16. Nxe6 fxe6 17. Bd2 a6 18. Be1 Rb8 19. e3 b5 20. cxb5 axb5 21. Qa7 b4 22. exd4 bxc3 23. dxc5 Rf7 24. Rxc3 e4 25. c6 Nf8 26. c7 Rb7 27. Qxb7 Qxb7 28. c8=Q 1-0

[Event "FIDE WSTC Open 50 2025"]
[Site "Prague"]
[Date "2025.02.21"]
[Round "5.9"]
[White "Ehlvest, Jaan"]
[Black "Jirovsky, Milos"]
[Result "1/2-1/2"]
[Annotator "TA"]
[ECO "B31"]
[WhiteElo "2531"]
[BlackElo "2410"]
[PlyCount "127"]
[EventDate "2025.02.17"]
[EventType "team-tourn"]
[EventCountry "CZE"]
[SourceTitle "playchess.com"]
[Source "ChessBase"]
[SourceQuality "1"]
[TimeControl "40/5400+30:1800+30"]

1. e4 c5 2. Nf3 Nc6 3. Bb5 g6 4. O-O Bg7 5. c3 Nf6 6. Re1 O-O 7. d4 cxd4 8. cxd4 d5 9. e5 Ne4 10. Be3 {[%emt 0:00:12] B31: Sicilian: 2...Nc6 3 Bb5 g6.} Bd7 11. Bf1 Qb6 12. Nc3 {[%emt 0:03:18] White has an edge.} Nxc3 13. bxc3 Na5 14. Nd2 $146 ({Predecessor:} 14. Qd2 Rfc8 15. Bh6 Bh8 16. Ng5 Nc4 17. Bxc4 Rxc4 18. Rab1 Qc6 19. Qf4 Be6 20. Qh4 {½-½ Bergsson,S (2095)-Szilardfy,G (2106) Budapest FS07 FM-A 2004 (1)}) 14... Rfc8 15. Rc1 Qe6 16. Qf3 b5 17. Nb3 Nxb3 18. axb3 a5 19. Bg5 Rab8 20. c4 bxc4 21. bxc4 Bc6 (21... dxc4 $15 {stays ahead.} 22. d5 Qf5 23. Qxf5 gxf5) 22. Qa3 $16 {[%emt 0:04:35][%csl LRa5,LRe7] White is more active.} dxc4 {[%emt 0:04:00][%csl Oa5,Oc4] Black has weak pawns} 23. Bxe7 (23. Rxc4 $14 Bd5 24. Rxc8+ Rxc8 25. Qxa5) 23... Bd5 $1 $17 {[%emt 0:06:23] Black wants to play ...Bh6.} 24. Bc5 $2 (24. Qxa5 $11 {and White stays safe.} Bh6 25. Rc2) 24... Bh6 $19 25. Rc2 {[%emt 0:11:25] Against Bd2} (25. Qxa5 $17 Bxc1 26. Rxc1) 25... Qf5 26. Qa4 {[%emt 0:00:08] [#]} (26. Rce2 Rb3 27. Qxa5) 26... c3 $1 27. Rxc3 {[%emt 0:05:37][%cal Oa4c2] [#]} Bd2 $1 28. Rcc1 (28. Bd3 $2 Qg4 (28... Qg5 $2 29. Be4 $19) 29. Bf1 Bxe1 $19 (29... Bxc3 $2 30. h3 $19)) (28. Qa1) 28... Bxc1 29. Rxc1 Rb1 $2 (29... Rb2 30. f3 Qg5) 30. Rxb1 Qxb1 $40 {[%emt 0:00:04][%mdl 128] Black wants a kill.} 31. Qd7 Qb7 (31... Be6 $19 32. Qa4 h6) 32. Qd6 (32. Qxb7 $17 Bxb7 33. Bc4) 32... Qc6 33. Qe7 Re8 34. Qg5 a4 35. h4 Qe6 36. Bb5 (36. f3 {was called for.}) 36... Ra8 37. Bxa4 f6 (37... Rxa4 38. Qd8+) 38. exf6 (38. Qh6 Qg4 (38... Rxa4 39. Qf8#) 39. Kf1 (39. f3 $2 Bxf3 40. Bb3+ Kh8 $19) 39... Qxg2+ (39... Rxa4 40. Qf8#) 40. Ke1 Qg1+ (40... Rxa4 41. Qf8#) 41. Ke2 fxe5 $19 (41... Rxa4 42. Qf8#) (41... Qg4+ $2 42. Kd2 $19)) 38... Rxa4 39. f7+ Qxf7 (39... Kxf7 $142 {White must now prevent ...Ra8.} 40. Qh6 Ke8 (40... Ra1+ $2 41. Kh2 $19) 41. Qf8+ Kd7) 40. Qd8+ Kg7 {[%emt 0:00:10] ( -> ...Ra1+)} 41. Bd6 Ra1+ (41... Rxd4 42. Be5+) 42. Kh2 {[%emt 0:00:34] [#]} Re1 (42... Qxf2 43. Be5+ Kf7 44. Qxd5+ Ke8 45. Qg8+ Qf8 46. Qxh7 $11) 43. Be5+ {[%emt 0:00:29] [#]} Rxe5 $1 44. dxe5 h5 (44... Qf4+ $19 {has better winning chances.} 45. Kg1 Qxe5) 45. Kg1 Kh7 46. f3 Qa7+ 47. Kh2 Bf7 48. Qf6 Qd7 49. Qf4 Be6 50. Qb4 Qf7 51. Qd4 Bd7 52. Kg1 Bc6 53. Kh2 Kg8 54. Qd8+ Kg7 55. Qd4 {[%emt 0:00:28] Prevents Qf4+} Qe6 56. Qf4 Bd7 57. Kg3 Qf7 58. Qd4 {[%emt 0:00:40] Threatening mate with e6+.} Bf5 59. Kh2 Qd7 60. Qf4 Kf7 ({Black should play} 60... Qe7 $17 61. Qd4 Qc7) 61. g4 $11 {[%emt 0:01:38] The position is equal.} Qd1 62. gxf5 Qe2+ $1 63. Kg3 {[%emt 0:00:14] Hoping for fxg6+.} Qe1+ 64. Kg2 {Weighted Error Value: White=0.37/Black=0.25 (precise)   Loses game:     	White=2     	---        Mistake:       	White=6     	Black=5      Inaccurate:     	White=1     	Black=1      OK:         	White=12    	Black=17     Best:        	White=5     	Black=6      Strong:       	---       	Black=3      Brilliant:      	---       	Black=2} 1/2-1/2

[Event "FIDE WSTC Open 50 2025"]
[Site "Prague"]
[Date "2025.02.21"]
[Round "5.10"]
[White "Zvara, Petr"]
[Black "Shabalov, Alexander"]
[Result "0-1"]
[Annotator "TA"]
[ECO "B06"]
[WhiteElo "2330"]
[BlackElo "2471"]
[PlyCount "100"]
[EventDate "2025.02.17"]
[EventType "team-tourn"]
[EventCountry "CZE"]
[SourceTitle "playchess.com"]
[Source "ChessBase"]
[SourceQuality "1"]
[TimeControl "40/5400+30:1800+30"]

1. e4 g6 2. d4 Bg7 3. Nc3 c6 4. Nf3 d5 5. h3 Nf6 6. Bd3 dxe4 7. Nxe4 Nxe4 8. Bxe4 Nd7 9. O-O O-O 10. Bf4 c5 11. c3 cxd4 {[%emt 0:01:42] B15: Caro-Kann: 3 Nc3: 3...g6 and 3...dxe4 4 Nxe4 Nf6 5 Nxf6+ exf6.} 12. cxd4 Nf6 13. Bd3 Be6 {[%emt 0:02:35] The position is equal.} 14. Qd2 $146 ({Predecessor:} 14. Re1 Bd5 15. Be5 Rc8 16. Nh2 Qb6 17. Qd2 Rfd8 18. b3 h5 19. Nf1 Qc6 20. Rac1 {1-0 Draganic,V (2289)-Raicevic,M (2359) MNT-chT Herceg Novi 2008 (4)}) 14... Bd5 {[%emt 0:04:26] ...Bxf3 is in the air} 15. Ne5 Qb6 16. Be3 Rfd8 17. a3 a5 18. Rac1 a4 19. Rfe1 e6 20. Bg5 {[%emt 0:05:00] Qf4 would now be deadly.} Bb3 (20... Qxd4 $6 21. Nxf7 Rd7 (21... Ne4 22. Rxe4 Bxe4 23. Nxd8 $18) 22. Ne5 $16) 21. Nf3 Rd7 22. Qf4 Nh5 23. Qh4 e5 (23... Bxd4 {simplifies} 24. Nxd4 Qxd4 25. Qxd4 Rxd4 26. Bf1 Rd7) 24. Bf5 gxf5 25. Qxh5 exd4 26. Ne5 {[%emt 0:03:15] Against Qg6} (26. Nh4 $1 $11) 26... Bxe5 $1 $17 27. Rxe5 Qg6 $36 {[%emt 0:00:11][%mdl 2048] Black is on the roll.} 28. Qxg6+ (28. Qh4 $2 f6 29. Bxf6 d3 $19) 28... hxg6 29. Bd2 Kg7 30. Kf1 Kf6 31. f4 Ra6 32. Ke2 Re6 33. Rcc5 b5 34. Be1 Rxe5+ 35. Rxe5 $15 {[%emt 0:00:03][%mdl 4096] Endgame KRB-KRB. Black is a pawn up.} g5 36. Bd2 Rc7 37. g4 fxg4 38. hxg4 Rc2 39. Rxg5 Rxb2 {[%emt 0:00:43][%cal Ob5b4] Black is more active.} (39... Bc4+ 40. Kd1 d3 (40... Rxb2 41. Bb4 $17) 41. Bc3+ Ke7 42. Re5+ Kd6 43. Ke1) 40. Ke1 Rb1+ 41. Kf2 Bc4 $1 42. Rc5 Ke6 43. Re5+ Kd7 (43... Kd6 $1 $17 {Strongly threatening ...Rb2.} 44. Bb4+ Kc6) 44. Re4 d3 ({Much less strong is} 44... Rf1+ 45. Kg3 $17) 45. Rd4+ Kc6 46. Rd8 $2 {[%emt 0:00:00][%mdl 8192] Now White is beyond hope.} (46. Ke3 $1 $11 {and White has nothing to worry.}) 46... Rb3 $1 $19 47. Bb4 $2 {[%emt 0:00:00] [#]} (47. g5 Rxa3 48. f5) 47... Rxb4 $1 {[%emt 0:00:00] Black is clearly winning.} 48. axb4 {[%emt 0:00:00] [#]} (48. Ke3 Rb2) 48... Kc7 $1 49. Rh8 d2 50. Rh1 {[%emt 0:00:00] [#]} Bb3 $1 {[%emt 0:00:00] Weighted Error Value: White=0.47/Black=0.08 (flawless)   Loses game:     	White=1     	---        Mistake:       	White=2     	Black=1      Inaccurate:     	White=4     	Black=4      OK:         	White=11    	Black=14     Best:        	White=4     	Black=1      Strong:       	---       	Black=3      Brilliant:      	---       	Black=1} 0-1

[Event "FIDE WSTC Open 50 2025"]
[Site "Prague"]
[Date "2025.02.21"]
[Round "5.11"]
[White "Novikov, Igor"]
[Black "Konopka, Michal"]
[Result "1/2-1/2"]
[Annotator "TA"]
[ECO "D56"]
[WhiteElo "2490"]
[BlackElo "2326"]
[PlyCount "89"]
[EventDate "2025.02.17"]
[EventType "team-tourn"]
[EventCountry "CZE"]
[SourceTitle "playchess.com"]
[Source "ChessBase"]
[SourceQuality "1"]
[TimeControl "40/5400+30:1800+30"]

1. d4 d5 2. c4 e6 3. Nf3 Nf6 4. Nc3 Be7 5. Bg5 h6 6. Bh4 O-O 7. e3 Ne4 8. Bxe7 Qxe7 9. Rc1 c6 10. Bd3 Nxc3 11. Rxc3 dxc4 $1 {[%emt 0:00:34] 11...dxc4 scores better than 11...Nd7. D56: Queen's Gambit Declined: Lasker Defence.} 12. Bxc4 Nd7 13. Qc2 e5 14. O-O e4 15. Nd2 Nf6 16. Bb3 Re8 17. Rc5 Be6 18. Re5 ({But not} 18. Nxe4 Nd7 (18... Nxe4 19. Qxe4 Bxb3 20. Qxe7 $16) 19. Rc3 (19. Bxe6 $2 Qxe6 20. Ng3 Nxc5 $19) 19... Bxb3 20. Rxb3 Qxe4 $15) 18... Bxb3 19. Qxb3 Qc7 20. Rxe8+ Rxe8 21. Rc1 Ng4 $146 ({Predecessor:} 21... Re6 22. h3 Qe7 23. Nc4 Nd5 24. a3 Rg6 25. Ne5 Re6 26. Qc2 a6 27. b4 f6 28. Nc4 Qf7 29. Qb2 Qe7 30. Qb3 Kh7 31. Rb1 Qd7 32. Rc1 {½-½ Kuta,M (2130)-Leiner,R (2245) CZE-chT B4 corr 2000}) 22. Nf1 Qd7 23. Qa3 b6 24. b4 Re6 25. Rc2 Qe7 26. Qb3 Nf6 27. b5 cxb5 28. Qxb5 Rd6 29. Rc8+ Kh7 30. a4 Qb7 31. Qc4 Qd5 32. Qc2 g6 33. Ng3 Kg7 34. h3 Rd7 35. Rc6 h5 36. Ne2 Rd6 37. Rc8 Rd8 {[%emt 0:00:32] Successful Defense Black} 38. Rc7 Rd7 39. Rc4 Re7 (39... h4 {simplifies} 40. Qc3 b5 41. axb5 Qxb5 42. Qb4 Qxb4 43. Rxb4 Nd5) 40. Rc8 Rd7 41. Nf4 Qa5 42. Kh2 Qf5 43. Kg1 (43. Rc6 $11) 43... Qa5 $14 44. Kh2 {[%emt 0:07:11] White is more active.} (44. Qb2 $14 Nd5 (44... Qxa4 45. d5 $11) 45. Nxd5 Qxd5 46. Re8) 44... Qf5 $11 45. Kg1 {[%emt 0:01:07] Weighted Error Value: White=0.12 (very precise) /Black=0.09 (flawless)   Mistake:       	White=2     	---        Inaccurate:     	White=4     	Black=5      OK:         	White=8     	Black=10     Best:        	---       	Black=4} 1/2-1/2

[Event "FIDE WSTC Open 50 2025"]
[Site "Prague"]
[Date "2025.02.21"]
[Round "5.12"]
[White "Trickov, Vasil"]
[Black "Rachels, Stuart"]
[Result "1/2-1/2"]
[Annotator "TA"]
[ECO "D26"]
[WhiteElo "2301"]
[BlackElo "2466"]
[PlyCount "96"]
[EventDate "2025.02.17"]
[EventType "team-tourn"]
[EventCountry "CZE"]
[SourceTitle "playchess.com"]
[Source "ChessBase"]
[SourceQuality "1"]
[TimeControl "40/5400+30:1800+30"]

1. d4 d5 2. Nf3 Nf6 3. c4 dxc4 4. e3 e6 5. Bxc4 a6 6. O-O b5 7. Bb3 Bb7 8. Qe2 c5 9. Rd1 Nbd7 10. a4 Be7 11. dxc5 {[%emt 0:10:59] D29: Queen's Gambit Accepted: Classical main line: 7 Qe2 with early ...Nbd7.} b4 12. Bc4 $146 (12. Ne5 {with more complications.} Qc7 13. c6 Bxc6 14. Nxc6 Qxc6 15. Bc4) ({Predecessor:} 12. c6 Bxc6 13. Nd4 Bb7 14. Nd2 Nc5 15. Bc4 O-O 16. N2f3 Qc7 17. Bd2 a5 18. Rac1 Qb6 {0-1 Papagorasz,T (2262)-Fancsy,I (2399) Szekesfehervar Cup 2004 (7)}) 12... Qc7 13. Nbd2 O-O {[%emt 0:01:34] Black sacrificed a pawn} 14. b3 Nd5 15. Bb2 Nc3 16. Bxc3 bxc3 17. Nf1 Nxc5 18. Rac1 Ne4 19. Ne1 Bf6 20. Nc2 Rfc8 21. Nd4 Qa5 22. Qc2 Bd5 {[%emt 0:11:14] A strong pair of Bishops.} (22... Be7 $15) 23. f3 (23. Bxd5 $11 {keeps the balance.} Qxd5 (23... exd5 24. Rd3 $11) 24. f3) 23... Bxc4 $17 24. bxc4 Nc5 25. Qxc3 Qxc3 26. Rxc3 Nxa4 27. Rc2 Rab8 28. Nd2 Nc5 29. Ra1 Rb6 30. Ra3 Be7 31. Ra1 g5 32. Kf1 f5 33. Ke2 Kf7 34. Rb1 Rcb8 35. Rcc1 Rb2 36. Rxb2 Rxb2 37. Rc2 Rb6 (37... Rxc2 $15 38. Nxc2 h5) 38. Rc1 (38. Ra2 $11) 38... Ke8 39. Rb1 Rxb1 40. Nxb1 {[%emt 0:00:02][%mdl 4096] Endgame KBN-KNN} Kd7 41. Nd2 Bd8 42. g4 fxg4 43. fxg4 a5 44. N2b3 {[%emt 0:00:00] [#]} ({White should play} 44. Kd1 $15) 44... Bb6 ({Black should try} 44... Nxb3 $1 $17 45. Nxb3 Kd6 46. c5+ Kd5) 45. Nxc5+ (45. Nd2 $15) 45... Bxc5 46. Nb3 {[%emt 0:00:00][%csl LRa5,LRc5] [#]} Bb4 (46... Bb6 $1 $17 {...a4 would now be deadly.} 47. c5 Bc7) 47. Nc1 $1 $11 a4 48. Kd1 Bd6 {[%emt 0:00:00] Weighted Error Value: White=0.24 (precise) /Black=0.21 (precise)   Mistake:       	White=4     	Black=4      Inaccurate:     	White=6     	Black=7      OK:         	White=9     	Black=12     Best:        	White=1     	Black=2      Strong:       	White=1     	---} 1/2-1/2

[Event "FIDE WSTC Open 50 2025"]
[Site "Prague"]
[Date "2025.02.21"]
[Round "5.13"]
[White "Adams, Michael"]
[Black "Bischoff, Klaus"]
[Result "1-0"]
[Annotator "TA"]
[ECO "B45"]
[WhiteElo "2664"]
[BlackElo "2432"]
[PlyCount "61"]
[EventDate "2025.02.17"]
[EventType "team-tourn"]
[EventCountry "CZE"]
[SourceTitle "playchess.com"]
[Source "ChessBase"]
[SourceQuality "1"]
[TimeControl "40/5400+30:1800+30"]

1. e4 c5 2. Nf3 e6 3. d4 cxd4 4. Nxd4 Nc6 5. Nc3 d6 6. Be3 a6 7. Qd2 Bd7 {[%emt 0:03:41] B54: Sicilian: 2...d6 3 d4 cxd4 4 Nxd4, Unusual Lines .} 8. O-O-O Rc8 9. Kb1 {[%emt 0:07:56] White is more active.} Nf6 {[%emt 0:05:51] White is slightly better.} 10. f3 Ne5 {[%emt 0:05:31] White leaves nothing to chance now.} (10... h5 $14) 11. g4 h6 12. h4 b5 13. a3 g6 14. Be2 Nc4 15. Bxc4 Rxc4 16. Rhe1 $146 (16. Nb3 a5 17. Qd3 Qc7 18. Nd2 Rxc3 19. Qxc3 Qxc3 20. bxc3 Bg7 21. c4 b4 22. Nb3 a4 23. Na5 bxa3 24. Rxd6 Ke7 25. Bc5 Rb8+ 26. Rb6+ {1-0 Tsang,H (2279)-Luk,L (1977) HKG-ch13 email 2011}) 16... Qc7 17. g5 Rxc3 18. Qxc3 $18 ({But not} 18. bxc3 hxg5 19. hxg5 Nh5 $16) 18... Qxc3 19. bxc3 hxg5 20. hxg5 Nh5 21. c4 Be7 (21... bxc4 $16 {was necessary.} 22. Ne2 Bb5) 22. cxb5 axb5 23. Ne2 O-O 24. Rd3 Ra8 25. Red1 d5 26. exd5 exd5 27. Rxd5 Be6 28. Rxb5 {[%emt 0:01:54] White has a decisive advantage.} Bc4 29. Rb7 Bxa3 30. Nc3 Ng7 31. Bd4 {[%emt 0:03:05] Weighted Error Value: White=0.08 (flawless) /Black=0.22 (precise)   Mistake:       	---       	Black=3      Inaccurate:     	White=1     	Black=1      OK:         	White=10    	Black=8} 1-0

[Event "FIDE WSTC Open 50 2025"]
[Site "Prague"]
[Date "2025.02.21"]
[Round "5.14"]
[White "Seul, Georg"]
[Black "Wells, Peter K"]
[Result "1/2-1/2"]
[Annotator "TA"]
[ECO "C24"]
[WhiteElo "2329"]
[BlackElo "2358"]
[PlyCount "72"]
[EventDate "2025.02.17"]
[EventType "team-tourn"]
[EventCountry "CZE"]
[SourceTitle "playchess.com"]
[Source "ChessBase"]
[SourceQuality "1"]
[TimeControl "40/5400+30:1800+30"]

1. e4 e5 2. Bc4 Nf6 3. d3 c6 4. Nf3 d5 5. Bb3 a5 6. a3 {[%emt 0:02:48] C24: Bishop's Opening: 2...Nf6.} (6. a4 $11) 6... a4 7. Ba2 dxe4 (7... Bd6 {should be considered.}) 8. Ng5 $11 {[%emt 0:02:35] White has an edge.} Bg4 (8... Be6 $14) 9. Bxf7+ $16 Ke7 10. Qd2 Qd4 $146 ({Predecessor:} 10... Qa5 11. Bc4 exd3 12. Bxd3 h6 13. Ne4 Nxe4 14. Bxe4 Qxd2+ 15. Bxd2 Nd7 16. f3 Be6 {½-½ Homolka,V (1779)-Reynolds,D (2015) BCF-chT4S 1718 (4NCL) 2017 (4.23)}) 11. Ba2 {[%emt 0:14:58][%csl Oe4,Oe5,Of8] Black has weak pawns. Black has a bad bishop} Nbd7 12. dxe4 (12. Nc3 $16) 12... h6 $14 13. Qxd4 exd4 {[%emt 0:00:03] Successful Defense Black} 14. Nf3 Bxf3 15. gxf3 b5 (15... g5 $14) 16. Bf4 (16. Nd2 $16) 16... g5 17. Bg3 Bg7 18. Nd2 Nh5 {[%emt 0:00:29] [#]} 19. f4 $1 gxf4 (19... Nxf4 20. Bxf4) 20. Bh4+ Bf6 21. Nf3 (21. Bxf6+ {simplifies} Kxf6 22. Nf3 c5 23. c3) 21... c5 22. O-O-O (22. Rg1 $14) 22... Rad8 ({Black should try} 22... Bxh4 $15 23. Nxh4 Ne5) 23. Rhg1 Bxh4 24. Nxh4 Ne5 25. Ng6+ Nxg6 26. Rxg6 Rd6 {[%emt 0:01:28] Inhibits Re6+.} 27. Rdg1 c4 $1 28. R6g4 {[%emt 0:00:57] Black must now prevent Rh4.} Re6 29. Rh4 Re5 30. Rg6 ({Better is} 30. b3 $15 axb3 31. cxb3) 30... Rg5 31. Rb6 {[%emt 0:00:30][%mdl 8192] [#]} (31. Rc6 $17) 31... f3 $2 (31... c3 $1 $19 {[%cal Rg5g1] is more deadly.} 32. Rb7+ Kd8 (32... Kd6 $2 33. e5+ Rxe5 34. Kd1 $19) 33. Rb8+ Kc7 34. Rb7+ Kxb7 35. bxc3 dxc3 36. Bd5+ Kb8) 32. Kd2 $17 Nf6 (32... Rf8 $17) 33. Rb7+ $1 $11 {[%emt 0:02:17] The position is equal.} Kd6 34. Rb6+ Ke7 35. Rb7+ Kd6 {[%emt 0:00:08] ...Rg2 is the strong threat.} 36. Rb6+ Ke5 $2 {[%mdl 40960] Never resign too early!   Weighted Error Value: White=0.44/Black=0.38 An unexpected result.  Loses game:     	White=1     	Black=1      Missed win:     	---       	Black=1      Mistake:       	White=4     	Black=4      Inaccurate:     	White=2     	Black=1      OK:         	White=14    	Black=12     Best:        	White=4     	Black=5      Strong:       	White=1     	Black=1} (36... Ke7 $11 37. Rb7+) 1/2-1/2